Map: Nachtschatten LE

Players

memyselfandi - Winner!

  • Race: Protoss Protoss
  • League: Master
  • Spawn Location: 11:00

Turtle

  • Race: Protoss Protoss
  • League: Master
  • Spawn Location: 5:00

VOD

Have the link to the VOD?

Description

seems to work ;D ♥

Time

  • Played on: Jan. 12, 2020, 2:08 p.m.
  • Length: 9:46
Show
View Real Time Build Order
Export as new Build Order

memyselfandi Protoss - Winner!

Build Orders: Oracle Opening, Archon Immortal 

Get SALT Encoding   

  12  0:00  Probe  
  13  0:12  Probe  
  14  0:17  Pylon  
  14  0:24  Probe  
  15  0:35  Gateway  
  15  0:37  Probe (Chrono Boost)  
  15  0:42  Assimilator  
  16  0:46  Probe (Chrono Boost)  
  17  0:52  Probe  
  17  0:55  Assimilator  
  18  1:04  Probe  
  19  1:13  Gateway  
  19  1:16  Probe  
  20  1:22  Cybernetics Core  
  20  1:28  Probe  
  20  1:31  Pylon  
  21  1:40  Probe  
  22  1:52  Probe  
  23  1:58  Warp Gate  
  23  1:59  Adept x2 (Chrono Boost)  
  27  2:15  Stargate  
  27  2:20  Adept (Chrono Boost)  
  27  2:21  Adept (Chrono Boost)  
  30  2:30  Pylon  
  30  2:31  Probe  
  31  2:50  Adept x2  
  35  3:07  Nexus  
  35  3:13  Oracle (Chrono Boost)  
  38  3:28  Probe  
  38  3:31  Pylon  
  39  3:49  Oracle, Probe  
  43  4:01  Probe  
  44  4:12  Robotics Facility  
  44  4:13  Probe (Chrono Boost)  
  44  4:15  Pylon  
  45  4:19  Probe (Chrono Boost)  
  46  4:25  Probe (Chrono Boost)  
  48  4:31  Probe (Chrono Boost)  
  48  4:37  Probe x2 (Chrono Boost)  
  50  4:44  Pylon  
  47  4:46  Probe x2  
  47  4:49  Forge, Gateway  
  47  4:52  Gateway  
  49  4:58  Probe x2  
  47  5:10  Probe x2  
  47  5:14  Immortal (Chrono Boost)  
  47  5:18  Assimilator  
  47  5:21  Pylon, Assimilator  
  51  5:23  Protoss Ground Weapons Level 1 (Chrono Boost)  
  51  5:25  Probe x2  
  53  5:37  Probe x2  
  53  5:42  Pylon  
  55  5:44  Oracle  
  55  5:49  Probe x2  
  57  5:51  Immortal (Chrono Boost)  
  57  5:55  Twilight Council  
  61  6:06  Sentry  
  61  6:07  Sentry, Zealot x2  
  61  6:10  Probe x2  
  71  6:20  Immortal (Chrono Boost)  
  75  6:32  Charge (Chrono Boost), Nexus  
  73  6:41  Probe  
  73  6:42  Probe  
  73  6:44  Templar Archives  
  75  6:54  Probe x2  
  73  7:06  Observer  
  74  7:11  Gateway  
  74  7:12  Gateway  
  74  7:15  Gateway, Probe  
  75  7:17  Probe  
  75  7:18  Gateway  
  75  7:19  Pylon  
  76  7:23  Gateway  
  76  7:24  Zealot  
  76  7:25  High Templar x2  
  76  7:27  Pylon  
  76  7:29  Archon  
  82  7:30  Zealot  
  82  7:36  Probe x2  
  86  7:39  Immortal (Chrono Boost)  
  90  7:48  Probe x2  
  90  7:50  Probe  
  93  7:58  High Templar x2  
  93  7:59  Zealot x2  
  93  8:03  Probe x3  
  93  8:04  Archon  
  104  8:12  Phoenix  
  104  8:15  Probe x3  
  104  8:16  Assimilator  
  104  8:18  Assimilator  
  107  8:22  Gateway  
  107  8:24  Gateway  
  107  8:26  Gateway  
  107  8:27  Probe  
  107  8:28  Immortal (Chrono Boost)  
  107  8:29  Probe  
  107  8:30  Probe  
  114  8:34  Pylon  
  114  8:36  Pylon  
  114  8:41  High Templar x2, Zealot  
  114  8:43  Zealot  
  114  8:45  Archon  
  122  8:49  Zealot  
  124  9:07  High Templar x2, Zealot  
  124  9:08  Zealot  
  132  9:11  Archon  
  132  9:15  High Templar  
  132  9:16  High Templar, Zealot x2  
  140  9:20  Archon  
  140  9:21  Pylon  
  140  9:22  Nexus  
  140  9:23  Pylon x2  
  140  9:28  Pylon  
  134  9:39  High Templar x2, Zealot x2  
  134  9:40  Zealot x3  
  134  9:43  Archon  
Show
View Real Time Build Order
Export as new Build Order

Turtle Protoss 

Build Orders:  

Get SALT Encoding   

  12  0:00  Probe  
  13  0:13  Probe  
  14  0:17  Pylon  
  14  0:25  Probe (Chrono Boost)  
  15  0:37  Gateway, Probe (Chrono Boost)  
  16  0:44  Probe (Chrono Boost)  
  16  0:46  Assimilator  
  17  0:51  Probe  
  17  0:55  Assimilator  
  18  1:03  Probe (Chrono Boost)  
  19  1:08  Gateway  
  19  1:13  Probe (Chrono Boost)  
  20  1:18  Probe (Chrono Boost)  
  20  1:24  Cybernetics Core  
  21  1:29  Probe  
  22  1:36  Pylon  
  22  1:41  Probe  
  23  1:54  Probe  
  23  2:00  Stalker, Sentry  
  28  2:02  Warp Gate (Chrono Boost)  
  28  2:06  Probe  
  29  2:13  Pylon  
  29  2:16  Pylon  
  29  2:31  Stalker x2  
  32  2:51  Pylon  
  30  3:00  Probe  
  31  3:08  Sentry x2  
  31  3:10  Nexus  
  31  3:12  Shield Battery  
  35  3:16  Probe  
  35  3:17  Pylon  
  36  3:23  Robotics Facility  
  36  3:31  Probe  
  37  3:44  Stalker x2  
  41  3:49  Probe  
  42  4:01  Probe  
  43  4:06  Pylon  
  42  4:22  Probe  
  42  4:23  Pylon, Stalker  
  42  4:24  Stalker  
  47  4:29  Probe  
  48  4:34  Probe (Chrono Boost)  
  46  4:43  Probe (Chrono Boost)  
  46  4:44  Pylon  
  47  4:46  Probe (Chrono Boost)  
  47  4:47  Observer  
  50  4:53  Forge  
  50  4:54  Probe (Chrono Boost)  
  50  4:56  Probe (Chrono Boost)  
  45  5:06  Probe x2  
  44  5:18  Immortal, Probe (Chrono Boost)  
  44  5:20  Sentry x2  
  53  5:21  Probe (Chrono Boost)  
  53  5:27  Protoss Ground Weapons Level 1 (Chrono Boost)  
  55  5:30  Probe (Chrono Boost)  
  55  5:32  Pylon, Probe (Chrono Boost)  
  55  5:35  Probe (Chrono Boost)  
  56  5:37  Probe (Chrono Boost)  
  58  5:44  Probe  
  58  5:47  Pylon, Probe  
  59  5:55  Twilight Council  
  59  5:56  Probe  
  60  5:59  Probe  
  61  6:06  Pylon  
  61  6:08  Probe  
  62  6:12  Probe  
  62  6:15  Assimilator  
  62  6:17  Immortal  
  67  6:19  Assimilator  
  67  6:20  Pylon, Probe  
  68  6:25  Pylon, Probe  
  69  6:33  Charge, Probe  
  69  6:38  Pylon, Probe  
  71  6:45  Pylon, Probe  
  69  6:59  Probe  
  65  7:03  Probe  
  65  7:05  Immortal  
  65  7:07  Templar Archives  
  70  7:16  Probe  
  70  7:20  Gateway  
  71  7:23  Gateway  
  71  7:25  Gateway  
  71  7:28  Gateway, Protoss Ground Weapons Level 2 (Chrono Boost)  
  71  7:30  Gateway  
  71  7:41  Gateway  
  71  7:44  Probe  
  71  7:46  Probe  
  71  7:49  High Templar  
  71  7:50  Warp Prism  
  77  7:55  High Templar  
  75  8:21  High Templar x2  
  79  8:27  Archon  
  79  8:28  Zealot x2, Archon  
  79  8:29  Zealot x3  
  89  8:41  Nexus  
  89  8:43  Pylon  
  89  8:54  Zealot x4  
  97  9:11  High Templar x3  
  97  9:15  High Templar, Archon  
  97  9:16  Zealot  
  107  9:17  Zealot  
  107  9:19  Archon  
  109  9:32  Pylon  
  109  9:33  Pylon  
Tags
 
Add a new tag
Caveats
  • Supply blocks, unpowered buildings, or Contaminate may cause inaccurate times.
  • Supply counts are checked every 10 seconds.